[Event "African Open (w)"]
[Site "followchess.com"]
[Date "2022.09.24"]
[Round "6"]
[White "Oyelese, Mayomi"]
[Black "Aramude, Sandra"]
[Result "0-1"]
[ECO "D37"]
[WhiteElo "1677"]
[BlackElo "1813"]
[PlyCount "140"]
[EventDate "2022.??.??"]
[TimeControl "5400+30"]

1. d4 d5 2. c4 e6 3. Nc3 Nf6 4. Nf3 Be7 5. Bf4 a6 6. cxd5 exd5 7. h3 h6 8. e3 Bf5 9. Bd3 Ne4 10. Qc2 Bb4 11. Nd2 Nxc3 12. bxc3 Bxd3 13. Qxd3 Bd6 14. Bxd6 Qxd6 15. Nf3 O-O 16. O-O b5 17. a4 c6 18. Ra2 Nd7 19. Rfa1 Nb6 20. axb5 axb5 21. Qb1 Ra4 22. Ne5 Rfa8 23. Qb3 Rxa2 24. Rxa2 Rxa2 25. Qxa2 f6 26. Nd3 Na4 27. Qb3 Kf7 28. e4 Ke7 29. exd5 Qxd5 30. Qa3+ Kf7 31. Nb2 Nxb2 32. Qxb2 Qc4 33. f3 f5 34. g3 Ke6 35. Kf2 c5 36. Ke3 cxd4+ 37. cxd4 b4 38. h4 g6 39. g4 fxg4 40.
fxg4 Kd5 41. Qg2+ Kd6 42. Qg3+ Kc6 43. Qf3+ Qd5 44. Qd1 b3 45. Qc1+ Kb5 46. Qf1+ Qc4 47. Qf6 Qc1+ 48. Ke4 Qc6+ 49. Qxc6+ Kxc6 50. Kd3 Kd5 51. Kc3 b2 52. Kxb2 Kxd4 53. Kc2 Ke4 54. Kd2 Kf4 55. g5 h5 56. Ke2 Kg4 57. Ke3 Kxh4 58. Kf4 Kh3 59.
Kf3 h4 60. Kf4 Kg2 61. Ke5 h3 62. Kf6 h2 63. Kxg6 h1=Q 64. Kg7 Qa1+ 65. Kh6 Qh8+ 66. Kg6 Qg8+ 67. Kh6 Kf3 68. g6 Kf4 69. g7 Kf5 70. Kh5 Qh7# 0-1

[Event "African Open (w)"]
[Site "followchess.com"]
[Date "2022.09.24"]
[Round "6"]
[White "Caxita, Esperanca"]
[Black "Wafa, Shahenda"]
[Result "0-1"]
[ECO "B24"]
[WhiteElo "1961"]
[BlackElo "2110"]
[PlyCount "66"]
[EventDate "2022.??.??"]
[TimeControl "5400+30"]

1. e4 c5 2. Nc3 Nc6 3. g3 g6 4. Bg2 Bg7 5. Nge2 e6 6. d3 Nge7 7. Be3 Nd4 8. Bd2 O-O 9. Nxd4 cxd4 10. Ne2 d5 11. O-O dxe4 12. dxe4 Qb6 13. Rb1 e5 14. Nc1 Be6 15. a3 f5 16. Nd3 fxe4 17. Bxe4 Nf5 18. Qe2 Rfe8 19. b4 Bc4 20. Rfe1 Nd6 21. f3 Rac8 22. Rec1 Rc7 23. Qe1 Nxe4 24. Qxe4 Qd6 25. Nf2 Rf7 26. f4 Bd5 27. fxe5 Rxe5 28. Qd3 Rf3 29. Qf1 Ref5 30. Bf4 R3xf4 31. gxf4 Qxf4 32. Qe2 Rg5+ 33. Kf1 Bg2+ 0-1

[Event "African Open (w)"]
[Site "followchess.com"]
[Date "2022.09.24"]
[Round "6"]
[White "Paulo, Jemima"]
[Black "ONOJA, Iyefu Joy"]
[Result "0-1"]
[ECO "D45"]
[WhiteElo "1886"]
[BlackElo "1762"]
[PlyCount "74"]
[EventDate "2022.??.??"]
[TimeControl "5400+30"]

1. c4 e6 2. Nc3 d5 3. d4 Nf6 4. e3 c6 5. Nf3 Be7 6. Bd3 O-O 7. O-O Nbd7 8.
b3 b6 9. Bb2 Bb7 10. Qc2 h6 11. Nd2 c5 12. f4 Ng4 13. Rae1 Nxe3 14. Rxe3 cxd4 15. Rh3 dxc3 16. Bxc3 Bf6 17. Nf3 Nc5 18. Bxf6 Qxf6 19. Bh7+ Kh8 20. Ne5 Ne4 21. Bxe4 dxe4 22. Qc3 Rad8 23. g4 Kg8 24. c5 bxc5 25. Qxc5 Rd2 26. Qxa7 Qe7 27. Nc4 Ra8 28. Qb6 Rdxa2 29. g5 hxg5 30. fxg5 Qxg5+ 31. Rg3 Qh6 32. Rf2 Rxf2 33.
Kxf2 Qxh2+ 34. Rg2 e3+ 35. Nxe3 Bxg2 36. Nxg2 Ra2+ 37. Kf3 Qxg2+ 0-1

[Event "African Open (w)"]
[Site "followchess.com"]
[Date "2022.09.25"]
[Round "7"]
[White "Ampaire Shakira"]
[Black "Paulo, Jemima"]
[Result "0-1"]
[ECO "B50"]
[WhiteElo "1657"]
[BlackElo "1886"]
[PlyCount "54"]
[EventDate "2022.??.??"]
[TimeControl "5400+30"]

1. e4 c5 2. Nf3 d6 3. c3 Nf6 4. Be2 g6 5. O-O Bg7 6. Bb5+ Bd7 7. Bxd7+ Nbxd7 8. Re1 O-O 9. d4 e5 10. d5 b5 11. c4 a6 12. Qc2 Nh5 13. cxb5 axb5 14. Nc3 Qb6 15. a4 bxa4 16. Rxa4 h6 17. g4 Nf4 18. Be3 Rab8 19. Rb1 Nf6 20. Bxf4 exf4 21. h3 Nd7 22. Ne2 Qb3 23. Qxb3 Rxb3 24. Kg2 Ne5 25. Ra3 Rfb8 26. Nxf4 Rxa3 27. Nxe5 Bxe5 0-1

[Event "African Open (w)"]
[Site "followchess.com"]
[Date "2022.09.25"]
[Round "7"]
[White "Wafa, Shahenda"]
[Black "Ofowino, Toritsemuwa"]
[Result "0-1"]
[ECO "B80"]
[WhiteElo "2110"]
[BlackElo "1857"]
[PlyCount "106"]
[EventDate "2022.??.??"]
[TimeControl "5400+30"]

1. e4 c5 2. Nf3 d6 3. d4 cxd4 4. Nxd4 Nf6 5. Nc3 e6 6. Be3 Be7 7. f4 O-O 8. Qf3 e5 9. Nf5 Bxf5 10. exf5 Nbd7 11. O-O-O Rc8 12. g4 Rxc3 13. bxc3 d5 14. fxe5 Nxe5 15. Qf4 Bd6 16. Qa4 Nexg4 17. Bd4 a6 18. Bd3 Ne5 19. h4 Kh8 20. Be3 Neg4 21. Bd4 Qc7 22. Rde1 h6 23. Kb1 Ne5 24. Rhf1 Ned7 25. c4 Nc5 26. Bxc5 Qxc5 27. Qb3 d4 28. Be4 Rb8 29. Qd3 b5 30. cxb5 Rxb5+ 31. Ka1 Qb6 32. Rb1 Bb4 33. Rb3 Bc3+ 34. Kb1 Qa5 35. Bc6 Rb4 36. Qd1 Qc5 37. Bf3 a5 38. Qd3 a4 39. Rxb4 Qxb4+ 40. Kc1 Qa3+ 41. Kd1 Qxa2 42. Bc6 a3 43. Ba4 Qa1+ 44. Ke2 Qxf1+ 45. Kxf1 a2 46. Bb3 a1=Q+ 47. Kg2 Qa8+ 48. Kh2 Qe8 49. Kg2 Kg8 50. Kf3 Qc6+ 51. Kf4 Qg2 52. Qc4 Qg4+ 53. Ke5 Qg3# 0-1

[Event "African Open (w)"]
[Site "followchess.com"]
[Date "2022.09.25"]
[Round "7"]
[White "Laubscher, Anzel"]
[Black "Pires, Luzia"]
[Result "0-1"]
[ECO "B50"]
[WhiteElo "1705"]
[BlackElo "1839"]
[PlyCount "138"]
[EventDate "2022.??.??"]
[TimeControl "5400+30"]

1. e4 c5 2. Nf3 d6 3. d3 Nf6 4. g3 g6 5. Bg2 Bg7 6. O-O O-O 7. Nbd2 Nc6 8.
c3 Qb6 9. Nc4 Qc7 10. a4 Be6 11. Ne3 Bd7 12. Nh4 Rad8 13. f4 Qc8 14. f5 a6 15. g4 g5 16. Nf3 h6 17. h4 Nh7 18. hxg5 Nxg5 19. Nxg5 hxg5 20. Nd5 f6 21. Be3 e6 22. Nb6 Qc7 23. Nxd7 Qxd7 24. Qb3 Rfe8 25. d4 Na5 26. Qc2 c4 27. Rf3 d5 28. e5 exf5 29. gxf5 Qc7 30. Bxg5 fxg5 31. f6 Qf7 32. fxg7 Qxg7 33. Rf6 Kh8 34. Kf2 Rf8 35. Rh1+ Kg8 36. Qf5 Nc6 37. Bxd5+ Rxd5 38. Rxf8+ Qxf8 39. Qxf8+ Kxf8 40. Rh7 Ne7 41. Kf3 Ra5 42. Ke4 Ke8 43.
Rg7 Rxa4 44. Rxg5 Ra2 45. Rg2 Ra1 46. Rh2 Re1+ 47. Kf4 Kd7 48.
Rh7 Re2 49. d5 Ke8 50. Rh8+ Kf7 51. e6+ Kg7 52. Rd8 Kf6 53. Rf8+ Kg6 54. Rd8 Nxd5+ 55. Rxd5 Rxe6 56. Rd2 Kf6 57. Rh2 b5 58. Rh6+ Ke7 59. Rh7+ Kd6 60. Ra7 Kc5 61. Kf3 Kb6 62. Rg7 Ka5 63. Rd7 Ka4 64. Rd2 Kb3 65. Kf2 Rh6 66. Ke3 Rh1 67. Kd4 Rb1 68. Kc5 Rxb2 69. Rd6 Ra2 0-1

[Event "African Open (w)"]
[Site "followchess.com"]
[Date "2022.09.25"]
[Round "7"]
[White "ONOJA, Iyefu Joy"]
[Black "Likando Namakau"]
[Result "1/2-1/2"]
[ECO "D02"]
[WhiteElo "1762"]
[BlackElo "1527"]
[PlyCount "127"]
[EventDate "2022.??.??"]
[TimeControl "5400+30"]

1. d4 d5 2. Nf3 Nf6 3. Bf4 e6 4. e3 h6 5. Be2 Be7 6. O-O Nh5 7. Be5 O-O 8. h3 Nf6 9. Nbd2 c5 10. c4 Nc6 11. Bh2 cxd4 12. Nxd4 Bd7 13. Nb5 a6 14. Nc3 d4 15. exd4 Nxd4 16. Bd3 Qb6 17. Rb1 Bc6 18. Nb3 Rad8 19. Nxd4 Qxd4 20. Be2 Qh4 21. Qc1 Nh7 22. Qf4 Qxf4 23. Bxf4 g5 24. Be3 f5 25. Rfd1 f4 26. Bb6 Rxd1+ 27. Rxd1 Nf6 28. a3 Nd7 29. Bc7 Rc8 30. Bd6 Bxd6 31. Rxd6 Kf7 32. Bg4 Re8 33. Bh5+ Ke7 34. Rxe6+ Kxe6 35. Bxe8 Ne5 36. Bxc6 Nxc6 37. Kf1 Ke5 38. Ke2 Kd4 39. h4 Kxc4 40. hxg5 hxg5 41. Ne4 Nd4+ 42. Kd2 Ne6 43. Nd6+ Kb3 44. Nxb7 Kxb2 45. a4 Kb3 46. a5 Kc4 47. Ke2 g4 48. Nd6+ Kb4 49. Kd3 Kxa5 50. Kc4 Kb6 51. Kd5 Nc5 52. Nc4+ Kb5 53. Na3+ Kb4 54. Nc2+ Kc3 55. Na3 Nd3 56. Ke4 a5 57. Nb1+ Kc2 58. Na3+ Kd2 59. Nc4+ Ke2 60. f3 gxf3 61. gxf3 a4 62. Na3 Ne1 63. Kxf4 Nxf3 64. Ke4 1/2-1/2

[Event "African Open (w)"]
[Site "followchess.com"]
[Date "2022.09.25"]
[Round "7"]
[White "Aramude, Sandra"]
[Black "Mbatha, Constance"]
[Result "0-1"]
[ECO "A01"]
[WhiteElo "1813"]
[BlackElo "1613"]
[PlyCount "122"]
[EventDate "2022.??.??"]
[TimeControl "5400+30"]

1. b3 d5 2. Bb2 c5 3. e3 Nc6 4. Nf3 Nf6 5. Bb5 Bd7 6. O-O e6 7. d4 Rc8 8. Nbd2 a6 9. Bxc6 Bxc6 10. Rc1 c4 11. a3 c3 12. Bxc3 Bb5 13. Bb2 Bxf1 14. Qxf1 Be7 15. c4 O-O 16. c5 Nd7 17. e4 Nb8 18. b4 f5 19. exd5 Qxd5 20. Qc4 Bf6 21. Qxd5 exd5 22. a4 Nc6 23. b5 axb5 24. axb5 Na7 25. b6 Nc6 26. Ne5 Nxe5 27. dxe5 Bg5 28. Rd1 Bxd2 29. Rxd2 Rxc5 30. h3 Re8 31. Bd4 Rb5 32. Rc2 Rb4 33. Rd2 Kf7 34. f4 Ke6 35. Kf2 Rc8 36. Rd3 Rcc4 37. Ke3 g5 38. g3 h6 39. Rd2 Rb3+ 40. Kf2 Rb1 41. Be3 Rbc1 42. Rd3 R1c3 43. Rd1 Rc2+ 44. Kf3 R4c3 45. g4 gxf4 46. Kxf4 Rc4+ 47. Bd4 fxg4 48. Kxg4 Rb2 49. Kh5 Rxd4 50. Rxd4 Kxe5 51. Rg4 Rxb6 52. Rg7 d4 53. Kg4 Ke4 54. Re7+ Kd3 55. Rd7 Rb5 56. h4 Ke3 57. Re7+ Kd2 58. Kf3 Rb3+ 59. Kf2 Rb6 60. Kf3 d3 61. Rd7 Kc2 0-1

[Event "African Open (w)"]
[Site "followchess.com"]
[Date "2022.09.25"]
[Round "7"]
[White "Nkhoma, Desiderata"]
[Black "Ayemou Akissi Victoire Sinchi"]
[Result "1/2-1/2"]
[ECO "B00"]
[WhiteElo "1446"]
[BlackElo "1182"]
[PlyCount "74"]
[EventDate "2022.??.??"]
[TimeControl "5400+30"]

1. e4 b6 2. Bc4 Bb7 3. Qf3 Nf6 4. d3 e6 5. Ne2 Be7 6. O-O O-O 7. Nbc3 d6 8. Nf4 Qd7 9. Nh5 Nc6 10. Ne2 Ne5 11. Nxf6+ Bxf6 12. Qe3 Nxc4 13. dxc4 Qc6 14. c3 Qxe4 15. Qxe4 Bxe4 16. Nf4 Be5 17. f3 Bxf4 18. fxe4 Bxc1 19. Raxc1 Rfe8 20. Rf3 c6 21. Rcf1 f6 22. Rd3 Rad8 23. Rfd1 d5 24. cxd5 exd5 25. exd5 cxd5 26. Rxd5 Rxd5 27. Rxd5 Kf7 28. Rd7+ Re7 29. Rxe7+ Kxe7 30. Kf2 Kd6 31.
Ke3 Kd5 32. Kd3 b5 33. b3 a5 34. a3 h5 35. g3 g5 36. h3 f5 37. Ke3 Kc5 1/2-1/2

[Event "African Open (w)"]
[Site "followchess.com"]
[Date "2022.09.25"]
[Round "7"]
[White "Amadasun, Rosemary"]
[Black "Van Zyl, Charlize"]
[Result "0-1"]
[ECO "B15"]
[WhiteElo "1807"]
[BlackElo "1710"]
[PlyCount "72"]
[EventDate "2022.??.??"]
[TimeControl "5400+30"]

1. e4 c6 2. d4 d5 3. Nc3 dxe4 4. Nxe4 Nf6 5. Ng3 h5 6. h4 c5 7. dxc5 Qxd1+ 8. Kxd1 e5 9. b4 a5 10. c3 Bd7 11. Bd3 axb4 12. cxb4 Nc6 13. Bd2 Nd5 14. b5 Ncb4 15. Bc4 Bxc5 16. Ne4 Be7 17. Nf3 Bg4 18. Bxd5 Nxd5 19. Ke1 Bxf3 20. gxf3 Ra3 21. Ke2 O-O 22. Bg5 Nf4+ 23. Bxf4 exf4 24. Rhd1 f5 25. Ng5 Bf6 26. Rab1 Rxa2+ 27. Rd2 Rfa8 28. Rxa2 Rxa2+ 29. Kf1 Bxg5 30. hxg5 Kh7 31. Rb4 Kg6 32. Rxf4 Rb2 33. Rc4 Rxb5 34. f4 Rb3 35. Kg2 h4 36. f3 b5 0-1

[Event "African Open (w)"]
[Site "followchess.com"]
[Date "2022.09.25"]
[Round "7"]
[White "Ayemou Mazan Emmanuela Esther"]
[Black "OLORUNTOLA, Oluwatobiloba"]
[Result "0-1"]
[ECO "D00"]
[WhiteElo "1523"]
[BlackElo "1918"]
[PlyCount "178"]
[EventDate "2022.??.??"]
[TimeControl "5400+30"]

1. d4 d5 2. e3 e6 3. Bd3 c5 4. c3 Nf6 5. Nf3 Nc6 6. Nbd2 Be7 7. O-O Qc7 8. dxc5 Bxc5 9. e4 O-O 10. exd5 exd5 11. Nb3 Bd6 12. h3 Bf4 13. Nbd4 Re8 14. Nb5 Qb8 15. Re1 Be6 16. Qc2 a6 17. Nbd4 Nxd4 18. Nxd4 Bxc1 19. Nxe6 Bh6 20. Nd4 g6 21. Re2 Rxe2 22. Qxe2 Qe8 23. Qf3 Bg7 24. Bc2 Rd8 25. Kf1 Ne4 26. Qe3 Bxd4 27. Qxd4 Qb5+ 28. c4 Qxc4+ 29. Qxc4 Nd2+ 30. Ke2 Nxc4 31. b3 Ne5 32. Rd1 Kf8 33. Be4 Ke7 34. Rxd5 Rxd5 35. Bxd5 b6 36. f4 Nd7 37. b4 f6 38. Bb7 a5 39. bxa5 bxa5 40. Bc6 Nf8 41. Kd3 Kd6 42. Bb5 Kc5 43. a4 Ne6 44. g3 Nc7 45. Bd7 Nd5 46. Bb5 Kb4 47.
Kc2 Nc3 48. Bd3 Nxa4 49. h4 Nc5 50. Be2 a4 51. g4 Ne6 52.
Bd3 Nxf4 53. Be4 Kc4 54. Kb2 Kd4 55. Bc2 Nd3+ 56. Ka3 f5 57.
gxf5 gxf5 58. Kxa4 f4 59. Kb5 Ke3 60. Bd1 f3 61. Bxf3 Kxf3 62.
Kc4 Nf4 63. Kd4 Kg4 64. Ke4 h5 65. Ke3 Ng2+ 66. Kf2 Nxh4 67. Kg1 Kh3 68. Kh1 Nf5 69. Kg1 Ng3 70. Kf2 Kh2 71.
Kf3 h4 72. Kf2 h3 73. Kf3 Kg1 74. Kxg3 h2 75. Kf3 h1=Q+ 76. Ke3 Qh4 77. Kd3 Qe1 78. Kd4 Qe2 79. Kd5 Qe3 80. Kd6 Qe4 81. Kd7 Qe5 82. Kc6 Qd4 83. Kb5 Qc3 84. Ka4 Qb2 85. Ka5 Kf2 86. Ka4 Ke3 87. Ka5 Kd4 88. Ka6 Kc5 89. Ka7 Kc6 0-1

[Event "African Open (w)"]
[Site "followchess.com"]
[Date "2022.09.25"]
[Round "7"]
[White "Marochkina, Nadezhda Valerevna"]
[Black "Phiri Bertha"]
[Result "1/2-1/2"]
[ECO "D12"]
[WhiteElo "1689"]
[BlackElo "1584"]
[PlyCount "77"]
[EventDate "2022.??.??"]
[TimeControl "5400+30"]

1. d4 d5 2. c4 Nf6 3. Nf3 c6 4. e3 Bg4 5. Be2 e6 6. Nc3 Be7 7. O-O dxc4 8.
Bxc4 Nbd7 9. Be2 Qc7 10. a3 O-O 11. b4 a5 12. b5 c5 13. Bb2 Rfd8 14. Rc1 b6 15. Qb3 Rac8 16. h3 Bh5 17. Na4 Qb8 18. dxc5 Bxc5 19. Rfe1 Bg6 20. Bd4 Ne4 21. Qb2 Qd6 22. Bxc5 Nexc5 23. Nxc5 Nxc5 24. Red1 Qb8 25. Nd4 Be4 26. Bf3 Bxf3 27. Nxf3 Na4 28. Rxd8+ Rxd8 29. Qc2 Nc5 30. Nd4 Rd5 31. Nb3 g6 32. Rd1 Rxd1+ 33. Qxd1 Nxb3 34. Qxb3 Qd6 35. Qc3 h5 36. Qc6 Qd8 37. Kh2 Kf8 38. Qb7 Ke8 39. Kg1 1/2-1/2

[Event "African Open (w)"]
[Site "followchess.com"]
[Date "2022.09.25"]
[Round "7"]
[White "Michael Bridget"]
[Black "Caxita, Esperanca"]
[Result "1-0"]
[ECO "B01"]
[WhiteElo "1800"]
[BlackElo "1961"]
[PlyCount "41"]
[EventDate "2022.??.??"]
[TimeControl "5400+30"]

1. e4 d5 2. exd5 Qxd5 3. Nc3 Qd6 4. d4 Nf6 5. Nb5 Qd8 6. c4 c6 7. Nc3 g6 8. Nf3 Bg7 9. Be2 Nbd7 10. O-O O-O 11. h3 b6 12. Be3 Bb7 13.
Qd2 Re8 14. Bf4 Nh5 15. Bh2 Bf6 16. g4 e5 17. dxe5 Nxe5 18.
Qxd8 Nxf3+ 19. Bxf3 Rc8 20.
Qxe8+ Rxe8 21. gxh5 1-0

[Event "African Open (w)"]
[Site "followchess.com"]
[Date "2022.09.25"]
[Round "7"]
[White "Oyenga, Justine Anassika"]
[Black "Yavo Tchetche, Marie"]
[Result "0-1"]
[ECO "B20"]
[WhiteElo "1192"]
[BlackElo "1363"]
[PlyCount "66"]
[EventDate "2022.??.??"]
[TimeControl "5400+30"]

1. e4 c5 2. Bc4 d6 3. Nf3 Nf6 4. d3 g6 5. c3 Bg7 6. Nbd2 Nc6 7. d4 O-O 8. O-O cxd4 9. cxd4 d5 10. e5 dxc4 11. exf6 Bxf6 12. Nxc4 Nxd4 13. Nxd4 Qxd4 14. Qb3 Be6 15. Be3 Qxc4 16. Qxb7 Rab8 17. Qxa7 Rxb2 18. Rac1 Qxa2 19. Qc7 Rc8 20. Qg3 Rxc1 21. Bxc1 Rc2 22. Re1 Bd4 23. Be3 Bxe3 24. Qxe3 Qd5 25. h3 Qd2 26.
Qxd2 Rxd2 27. Rc1 Bd5 28. Rc7 e6 29. Rc8+ Kg7 30. Rd8 h5 31.
h4 Kf6 32. Re8 Rd4 33. g3 Rd1+ 0-1

[Event "African Open (w)"]
[Site "followchess.com"]
[Date "2022.09.25"]
[Round "7"]
[White "Mudodo, Refiloe Hazel"]
[Black "Pelomoh Jessica"]
[Result "0-1"]
[ECO "C03"]
[WhiteElo "1683"]
[BlackElo "1904"]
[PlyCount "98"]
[EventDate "2022.??.??"]
[TimeControl "5400+30"]

1. e4 e6 2. d4 d5 3. Nd2 dxe4 4. Nxe4 Be7 5. Nf3 Nd7 6. Bd3 Ngf6 7. Nxf6+ Nxf6 8. O-O O-O 9. Qe2 b6 10. Bf4 Bb7 11. c3 Rc8 12. Ba6 Nd5 13.
Bxb7 Nxf4 14. Qe4 Rb8 15. Qxf4 Rxb7 16. Qe4 Qd5 17. Qxd5 exd5 18. Rfe1 Bf6 19. Ne5 c5 20. Nf3 g6 21. Rad1 Rd8 22. Re2 Kg7 23. g3 a5 24. Kg2 c4 25. Rde1 b5 26. Re8 Rbb8 27. Rxd8 Rxd8 28. Ne5 Rd6 29. Ng4 Re6 30. Rxe6 fxe6 31. Nxf6 Kxf6 32. Kf3 h5 33. a3 e5 34. dxe5+ Kxe5 35. Ke3 d4+ 36. cxd4+ Kd5 37. f4 b4 38. axb4 axb4 39. h3 b3 40. g4 c3 41. bxc3 b2 42. gxh5 gxh5 43.
Kf3 b1=Q 44. Kg3 Qf5 45. Kh4 Kc4 46. d5 Kxd5 47. c4+ Kxc4 48. Kg3 Kd4 49. Kh4 Ke4 0-1

[Event "African Open (w)"]
[Site "followchess.com"]
[Date "2022.09.25"]
[Round "7"]
[White "Abigail Karyah"]
[Black "Vilhete, Vania Fausto Da T."]
[Result "0-1"]
[ECO "B95"]
[WhiteElo "1435"]
[BlackElo "1718"]
[PlyCount "66"]
[EventDate "2022.??.??"]
[TimeControl "5400+30"]

1. e4 c5 2. Nf3 d6 3. d4 cxd4 4. Nxd4 Nf6 5. Nc3 a6 6. Bg5 e6 7. Be2 Nbd7 8. O-O b5 9. Bf3 Bb7 10. Re1 Be7 11. e5 Bxf3 12. Nxf3 Nxe5 13. Nxe5 dxe5 14. Qf3 O-O 15.
Qb7 Re8 16. Rxe5 Ng4 17. Re4 f5 18. Rxg4 fxg4 19. Be3 Bf6 20.
Nd1 Qc8 21. Qe4 Qc4 22. Qxc4 bxc4 23. c3 Rab8 24. Rb1 Red8 25. Kf1 Rd3 26. Bf4 Rb7 27. Ne3 Rxc3 28. Nxg4 Rc2 29. Nxf6+ gxf6 30. Bc1 c3 31. Ke1 Rbxb2 32. Bxb2 cxb2 33. Kd1 Rxf2 0-1

[Event "African Open (w)"]
[Site "followchess.com"]
[Date "2022.09.26"]
[Round "8"]
[White "Nkhoma, Desiderata"]
[Black "Oyenga, Justine Anassika"]
[Result "1-0"]
[ECO "B41"]
[WhiteElo "1446"]
[BlackElo "1192"]
[PlyCount "95"]
[EventDate "2022.??.??"]
[TimeControl "5400+30"]

1. e4 c5 2. Nf3 e6 3. d4 cxd4 4. Nxd4 a6 5. e5 Qc7 6. Bf4 Nc6 7. Nxc6 Qxc6 8. Nc3 Bb4 9. Qd3 Ne7 10. a3 Bc5 11. Be3 Bxe3 12. Qxe3 Nf5 13. Qg5 h6 14. Qg4 b5 15. Bd3 Ne7 16. Be4 Nd5 17. Qxg7 Rf8 18.
Qxh6 Bb7 19. Bxd5 exd5 20. Qxc6 Bxc6 21. O-O-O d4 22. Rxd4 Bxg2 23. Rg1 Bh3 24. Nd5 Rc8 25. Nf6+ Ke7 26. Nd5+ Ke8 27. Nb6 Rc7 28. f4 Bf5 29. Rg2 f6 30. exf6 Rc6 31. Nd5 Kd8 32. c3 Kc8 33. Ne7+ Kc7 34. Nxc6 Kxc6 35. Rg5 Rxf6 36. Rxf5 Rxf5 37. h4 d5 38. b4 Kd6 39. Kd2 Ke6 40. Ke3 Kf6 41. Rd1 Kg6 42.
Rg1+ Kh5 43. Rg5+ Rxg5 44.
hxg5 Kg6 45. Kd4 Kf5 46. Kxd5 Kxf4 47. g6 Kf5 48. g7 {[%emt 0:00:15] -error} 1-0

[Event "African Open (w)"]
[Site "followchess.com"]
[Date "2022.09.26"]
[Round "8"]
[White "Yavo Tchetche, Marie"]
[Black "Oyelese, Mayomi"]
[Result "0-1"]
[ECO "A17"]
[WhiteElo "1363"]
[BlackElo "1677"]
[PlyCount "97"]
[EventDate "2022.??.??"]
[TimeControl "5400+30"]

1. c4 Nf6 2. Nc3 e6 3. g3 d5 4. cxd5 Nxd5 5. Bg2 Nxc3 6. bxc3 c5 7. Nf3 Qc7 8. d4 Nc6 9. O-O b6 10.
Ne5 Bd7 11. Nxd7 Qxd7 12. Qa4 Rc8 13. dxc5 Bxc5 14. Rd1 Qb7 15. Rd8+ Kxd8 16. Bg5+ f6 17. Rd1+ Ke7 18. Bc1 Rhd8 19. Re1 Qd7 20. Qg4 Kf8 21. Bh3 f5 22. Qh5 Kg8 23. Bg5 Be7 24. e4 Bxg5 25. Qxg5 Ne5 26. Bg2 Nf7 27. Qh5 g6 28. Qf3 Qd3 29. exf5 exf5 30. Qb7 Qd7 31. Qf3 Rc7 32. h4 Qd2 33. Re3 Qd1+ 34. Kh2 Qxf3 35. Bxf3 Rd2 36. Kg2 Rxa2 37. Bd5 Ra3 38. Re8+ Kg7 39. c4 Rc3 40. Ra8 a5 41. Ra6 Ne5 42. Rxb6 a4 43. Ra6 a3 44. Ra8 Nxc4 45. Ra6 Ne5 46. Ra4 Nd3 47. Rd4 Ra7 48. Ba2 Nc1 49.
Kf1 0-1

[Event "African Open (w)"]
[Site "followchess.com"]
[Date "2022.09.26"]
[Round "8"]
[White "Mudodo, Refiloe Hazel"]
[Black "Ayemou Mazan Emmanuela Esther"]
[Result "0-1"]
[ECO "C77"]
[WhiteElo "1683"]
[BlackElo "1523"]
[PlyCount "76"]
[EventDate "2022.??.??"]
[TimeControl "5400+30"]

1. e4 e5 2. Nf3 Nc6 3. Bb5 a6 4. Ba4 Nf6 5. Qe2 d6 6. c3 Be7 7. O-O O-O 8. Rd1 Bg4 9. h3 Bh5 10. d4 b5 11. Bb3 Qc8 12. d5 Na5 13.
Bc2 h6 14. a4 Qd7 15. axb5 axb5 16. Bd3 Nb3 17. Rxa8 Rxa8 18. g4 Nxg4 19. Bxb5 Qc8 20. Nbd2 Nxd2 21. Rxd2 Ra1 22. Rd1 Nf6 23. Kh2 g5 24. Rg1 g4 25. Qe3 Qf8 26. hxg4 Nxg4+ 27. Kh3 Qg7 28. Qe2 Bg5 29. Nxg5 hxg5 30. f3 f5 31. Qd2 Qh6 32. Kg2 Nf6 33. exf5 Bxf3+ 34. Kf1 Qh3+ 35. Ke1 Qh4+ 36. Kf1 Ne4 37. Qc2 Rxc1+ 38. Qxc1 Qf2# 0-1

[Event "African Open (w)"]
[Site "followchess.com"]
[Date "2022.09.26"]
[Round "8"]
[White "OLORUNTOLA, Oluwatobiloba"]
[Black "Marochkina, Nadezhda Valerevna"]
[Result "1/2-1/2"]
[ECO "D35"]
[WhiteElo "1918"]
[BlackElo "1689"]
[PlyCount "98"]
[EventDate "2022.??.??"]
[TimeControl "5400+30"]

1. c4 e6 2. Nc3 d5 3. d4 Nf6 4. Bf4 c6 5. e3 Nbd7 6. Nf3 Be7 7. Be2 dxc4 8. Bxc4 Nd5 9. Bg3 N7b6 10. Bb3 a5 11. a3 a4 12. Nxd5 exd5 13. Ba2 Bg4 14. Rc1 O-O 15. h3 Bh5 16. Qd3 Bg6 17.
Qe2 Nd7 18. O-O h6 19. Ne5 Bh7 20. Nxd7 Qxd7 21. Qf3 Qd8 22. Rfd1 Qa5 23. Be5 f5 24. Qg3 Bf6 25. Bxf6 Rxf6 26. Qf3 Qd8 27. g3 Qe8 28. Bb1 Bg6 29. Re1 Qf7 30. Kh2 Bh5 31. Qg2 g5 32. Bd3 Kh8 33. f4 g4 34. h4 Qe7 35. Qd2 Be8 36. Kg2 h5 37. Kf2 Bd7 38. Qc3 b5 39. Qc5 Qxc5 40. Rxc5 Rff8 41. Ke2 Rfb8 42. Ra1 Kg7 43. Kd2 Ra7 44. Kc3 Kf7 45. Kb4 Ke7 46.
Rc3 Kd6 47. b3 axb3 48. Rxb3 Ra4+ 49. Kc3 Ra7
1/2-1/2

[Event "African Open (w)"]
[Site "followchess.com"]
[Date "2022.09.26"]
[Round "8"]
[White "Ofowino, Toritsemuwa"]
[Black "Pires, Luzia"]
[Result "0-1"]
[ECO "D02"]
[WhiteElo "1857"]
[BlackElo "1839"]
[PlyCount "160"]
[EventDate "2022.??.??"]
[TimeControl "5400+30"]

1. d4 d5 2. Nf3 Nf6 3. c3 e6 4. Bf4 Bd6 5. e3 O-O 6. Bg3 c6 7. Nbd2 b6 8. Rc1 Ne4 9. Bxd6 Qxd6 10. Bd3 Nxd2 11. Qxd2 Nd7 12. O-O e5 13. dxe5 Nxe5 14. Nxe5 Qxe5 15. Qc2 h6 16. e4 dxe4 17. Bxe4 Bb7 18. c4 Qc5 19. Rfd1 Rad8 20. Bf3 Rfe8 21. h3 a5 22. Rxd8 Rxd8 23. Rd1 Rxd1+ 24. Qxd1 Qe7 25. c5 Qxc5 26. Qd8+ Kh7 27. Qc7 Ba6 28. Qxf7 Bd3 29. Qf4 Qc2 30. Qd6 Bg6 31. Bxc6 Qc1+ 32. Kh2 Qxb2 33. Bd5 Qxf2 34. Qb8 Bf7 35. Bxf7 Qxf7 36. Qxb6 Qxa2 37. Qb5 a4 38. Qd3+ Kh8 39. Qd8+ Qg8 40. Qa5 Qb3 41. Qa8+ Kh7 42. Qe4+ g6 43. Qe7+ Kg8 44. Qe8+ Kg7 45. Qd7+ Kf6 46. Qd6+ Kf5 47. g4+ Ke4 48. Qxg6+ Kd4 49. Qf6+ Kc4 50. Qxh6 a3 51. Qf4+ Kb5 52. Qb8+ Ka4 53. Qa7+ Kb4 54. Qe7+ Kc3 55. g5 a2 56. Qe3+ Kb4 57. Qb6+ Ka3 58. Qa5+ Kb2 59. Qe5+ Kc1 60. Qf4+ Kc2 61. Qf2+ Kb1 62. Qe1+ Kb2 63. Qe5+ Qc3 64. Qb5+ Kc1 65. Qf1+ Kc2 66. Qf5+ Qd3 67. Qc5+ Kd1 68. Qg1+ Kd2 69. g6 Qe2+ 70. Kh1 Qe4+ 71. Kh2 Qe5+ 72. Qg3 Qxg3+ 73. Kxg3 a1=Q 74. Kg4 Qe5 75.
Kh4 Qf5 76. g7 Qh7+ 77. Kg4 Qxg7+ 78. Kh5 Qh7+ 79. Kg4 Qh6 80. h4 Ke3 0-1

[Event "African Open (w)"]
[Site "followchess.com"]
[Date "2022.09.26"]
[Round "8"]
[White "Van Zyl, Charlize"]
[Black "Caxita, Esperanca"]
[Result "1-0"]
[ECO "B01"]
[WhiteElo "1710"]
[BlackElo "1961"]
[PlyCount "46"]
[EventDate "2022.??.??"]
[TimeControl "5400+30"]

1. e4 d5 2. exd5 Qxd5 3. Nc3 Qd6 4. d4 Nf6 5. Nf3 a6 6. g3 Bg4 7. h3 Bh5 8. Bg2 Nc6 9. d5 Nb4 10. Bf4 Qd8 11. Qe2 Nbxd5 12. O-O-O c6 13. g4 Bg6 14. Nxd5 cxd5 15. Ne5 Be4 16. f3 Bg6 17. h4 Rc8 18.
Rd2 h6 19. Nxg6 fxg6 20. Qd3 Kf7 21. g5 Nh5 22. Be5 e6 23.
f4 Qa5 1-0

[Event "African Open (w)"]
[Site "followchess.com"]
[Date "2022.09.26"]
[Round "8"]
[White "Ampaire Shakira"]
[Black "Amadasun, Rosemary"]
[Result "1-0"]
[ECO "C45"]
[WhiteElo "1657"]
[BlackElo "1807"]
[PlyCount "137"]
[EventDate "2022.??.??"]
[TimeControl "5400+30"]

1. e4 e5 2. Nf3 Nc6 3. d4 exd4 4. Nxd4 Bc5 5. Nxc6 Qf6 6.
Qf3 dxc6 7. Nc3 Be6 8. Bf4 Bd6 9. Bg3 Qxf3 10. gxf3 O-O-O 11. O-O-O Ne7 12. f4 f5 13. e5 Bc5 14. Be2 a5 15. Na4 Ba7 16. c4 c5 17. Rxd8+ Rxd8 18. Bh4 Rd7 19. Bxe7 Rxe7 20. Nc3 c6 21. b3 Bb8 22. h4 Bc7 23. Rg1 Bd8 24. h5 Kc7 25.
Kd2 Kd7 26. Bd3 Rf7 27. Ke3 Ke8 28. Na4 b6 29. Be2 Bd7 30.
Rd1 Ke7 31. Bf3 Bc7 32. Rg1 Kf8 33. Nc3 Re7 34. Be2 Re6 35.
Bd3 Rh6 36. Be2 g6 37. hxg6 hxg6 38. Nb1 Ke7 39. Nd2 Ke6 40. Nf3 b5 41. Ng5+ Ke7 42. a4 bxa4 43. bxa4 Be6 44. Rb1 Rh8 45. Rb7 Rc8 46. Ra7 Bd7 47. Rb7 Be6 48. Rb1 Rh8 49. Nxe6 Kxe6 50. Rg1 Rh6 51. Bf3 Ke7 52. Bxc6 g5 53. Bd5 g4 54. Rh1 Rb6 55. Rh7+ Kd8 56.
Rf7 Rb3+ 57. Ke2 Rb4 58. Rxf5 Rxa4 59. Rg5 Ra2+ 60. Ke3 a4 61. Rxg4 Ba5 62.
Rg8+ Kc7 63. f5 Bc3 64. f4 a3 65. Ra8 Ra1 66. f6 a2 67. f7 Re1+ 68. Kd3 a1=Q 69. Rxa1 1-0